 Dungeon Crawl Stone Soup version 0.19.1 (webtiles) character file.

11942 Charlie the Covert (level 11, -3/50 HPs)
             Began as a Vine Stalker Assassin on Dec 16, 2016.
             Was a High Priest of Dithmenos.
             Slain by a spiny frog (5 damage)
             ... on level 1 of the Lair of Beasts.
             The game lasted 01:04:08 (11205 turns).

Charlie the Covert (Vine Stalker Assassin)         Turns: 11205, Time: 01:04:08

Health: -3/50      AC: 12    Str: 13    XL:     11   Next: 85%
Magic:  0/20       EV: 11    Int: 29    God:    Dithmenos [*****.]
Gold:   712        SH: 10    Dex: 15    Spells: 0 memorised, 21 levels left

rFire  . . .     SeeInvis .     s - +0 hunting sling
rCold  + . .     Gourm    .     X - +0 ring mail of Hymueh {+Blink rC+ Str-2 Int+3}
rNeg   + . .     Faith    .     q - +0 large shield
rPois  .         Spirit   +     P - +2 hat
rElec  +         Reflect  .     d - +0 cloak
rCorr  .         Harm     .     U - +2 pair of gloves "Otacs" {rElec rN+ Int+6}
MR     ++...                    E - +0 pair of boots
Stlth  ++++++....               (no amulet)
                                v - +6 ring of intelligence
                                o - ring of protection from magic

@: lethally poisoned (-3 -> -4), wreathed by umbra
A: fangs 3, regeneration 1, magic shield, antimagic bite, no device heal 3, rot
immunity
a: Shadow Step, Shadow Form, Renounce Religion, Evoke Blink


You were on level 1 of the Lair of Beasts.
You worshipped Dithmenos.
Dithmenos was extremely pleased with you.
You were not hungry.

You visited 3 branches of the dungeon, and saw 13 of its levels.

You collected 712 gold pieces.

Inventory:

Hand Weapons
 b - a +1 blowgun
 i - the cursed +1 great sword of the Manifold Demons {protect, Int+3, unknown}
   (You found it on level 11 of the Dungeon)

   It protects the one who uses it against injury (+AC on strike).
   It affects your intelligence (+3).
   It has a curse placed upon it.
 m - a +3 dagger
 s - a +0 hunting sling (weapon)
 y - a +0 rapier
 W - a +2 short sword of speed
Missiles
 e - 4 poisoned needles
 p - 2 curare-tipped needles
 r - 58 sling bullets (quivered)
 L - 7 tomahawks of dispersal
Armour
 d - a +0 cloak (worn)
 q - a +0 large shield (worn)
 D - a +1 helmet
 E - a +0 pair of boots (worn)
 P - a +2 hat (worn)
 U - the +2 pair of gloves "Otacs" (worn) {rElec rN+ Int+6}
   (You found it on level 8 of the Dungeon)

   It affects your intelligence (+6).
   It insulates you from electricity.
   It protects you from negative energy.
 X - the +0 ring mail of Hymueh (worn) {+Blink rC+ Str-2 Int+3}
   (You found it on level 8 of the Dungeon)

   It affects your strength (-2).
   It affects your intelligence (+3).
   It protects you from cold.
   It lets you blink.
Magical Staves
 k - an uncursed staff of conjuration
Jewellery
 o - a ring of protection from magic (left hand)
 t - an uncursed ring of wizardry
 v - a +6 ring of intelligence (right hand)
 Y - an uncursed ring of resist corrosion
Wands
 f - a wand of confusion (27/48)
 B - a wand of acid (1/15)
 K - a wand of digging (17/24)
 R - a wand of disintegration (0/24)
Scrolls
 c - a scroll of amnesia
 h - 3 scrolls of recharging
 j - 2 scrolls of remove curse
 n - 2 scrolls of enchant armour
 u - 2 scrolls of identify
 A - a scroll of enchant weapon
 H - 2 scrolls of magic mapping
 T - a scroll of fear
Potions
 l - a potion of resistance
 w - 5 potions of curing
 x - 3 potions of agility
 z - 4 potions of cure mutation {!q}
 C - a potion of mutation {!q}
 F - 4 potions of magic
 I - a potion of lignification
 J - 2 potions of brilliance
Books
 N - a book of Conjurations

   Spells                             Type                      Level
   a - Magic Dart                     Conjuration                  1
   b - Searing Ray                    Conjuration                  2
   c - Dazzling Spray                 Conjuration/Hexes            3
   d - Fulminant Prism                Conjuration/Hexes            4
   e - Iskenderun's Mystic Blast      Conjuration                  4
   f - Iskenderun's Battlesphere      Conjuration/Charms           5
 O - a book of Beasts

   Spells                             Type                      Level
   a - Summon Butterflies             Summoning                    1
   b - Call Canine Familiar           Summoning                    3
   c - Summon Ice Beast               Ice/Summoning                4
   d - Summon Mana Viper              Hexes/Summoning              5
   e - Summon Hydra                   Summoning                    7
 S - a book of Maledictions

   Spells                             Type                      Level
   a - Corona                         Hexes                        1
   b - Ensorcelled Hibernation        Hexes/Ice                    2
   c - Confuse                        Hexes                        3
   d - Tukima's Dance                 Hexes                        3
   e - Dazzling Spray                 Conjuration/Hexes            3
Comestibles
 g - 6 bread rations
 G - 3 meat rations
 V - 2 royal jellies


   Skills:
 - Level 1.7 Fighting
 - Level 10.0 Short Blades
 - Level 1.7 Throwing
 - Level 10.0 Dodging
 + Level 10.9 Stealth
 - Level 5.9 Spellcasting


You had 21 spell levels left.
You didn't know any spells.

Dungeon Overview and Level Annotations

Branches:
Dungeon (11/15)            Temple (1/1) D:4            Lair (1/6) D:8
    Orc (0/2) D:11

Altars:
Ashenzari
Cheibriados
Dithmenos
Elyvilon
Fedhas
Gozag
Hepliaklqana
Kikubaaqudgha
Makhleb
Nemelex Xobeh
Okawaru
Qazlal
Ru
Sif Muna
Trog
Uskayaw
Vehumet
Xom
Yredelemnul
Zin
The Shining One

Shops:
D:7 [(


Innate Abilities, Weirdness & Mutations

You have razor-sharp teeth.
Your natural rate of healing is unusually fast.
When hurt, damage is shared between your health and your magic reserves.
Your bite disrupts and absorbs the magic of your enemies.
Potions and wands cannot restore your health.
You are immune to rotting.


Message History

Tha spiny frog be heavily wounded.
Ye block tha spiny frog's attack.
Tha spiny frog stin's ye!
* * * LOW HITPOINT WARNIN'
* * * Firin' (i - inventory. (,) - cycle):
r - 60 slin' bullets (quiv'red)
Press: ? - help, Shift-Dir - straight line, f/p - spiny frog
Aim: a spiny frog (heavily wounded, umbra) Ye shoot a slin' bullet.
Tha slin' bullet barely misses tha spiny frog.
Ye block tha spiny frog's attack.
Tha spiny frog stin's ye!
* * * LOW HITPOINT WARNIN'
* * * Ye be poison'd.
Tha spiny frog poisons ye!
Firin' (i - inventory. (,) - cycle):
r - 59 slin' bullets (quiv'red)
Press: ? - help, Shift-Dir - straight line, f/p - spiny frog
Aim: a spiny frog (heavily wounded, umbra) Ye shoot a slin' bullet.
Tha slin' bullet hits tha spiny frog!
Tha spiny frog be severely wounded.
* * * LOW HITPOINT WARNIN'
* * * Ye feel sick.
Tha spiny frog stin's ye!
Ye die...

.#+.# #..# #.## #..#
#.#### ##'##.### #.......#
### ###
#.......########P###.#####
#.(.....F@.............##.
#.......###.#.#######.....
#.......# ##### ####.#
+.......# ### #.......#
#..###### ###


You could see a spiny frog.

Vanquished Creatures
  The ghost of mrmoltar the Basher, a journeyman GrMo of Makhleb (D:10)
  An unseen horror (D:11)
  2 hill giants
  Pikel (D:5)
  A rust devil (D:10)
  A centaur zombie (D:11)
  A kobold demonologist (D:11)
  3 two-headed ogres
  2 hippogriffs
  6 yaks
  A hungry ghost (D:9)
  3 water moccasins
  4 slaves (D:4)
  2 sky beasts
  3 orc warriors
  A hornet zombie (D:10)
  3 ice beasts
  2 necrophages
  2 black bears (D:6)
  An ogre (D:11)
  An eye of draining (D:8)
  2 phantoms
  3 centaurs
  18 big kobolds (D:11)
  Blork the orc (D:4)
  4 bullfrogs
  5 scorpions
  10 killer bees
  10 wights
  A howler monkey (D:11)
  An electric eel (D:10)
  3 crimson imps
  3 bullfrog zombies
  3 jellies
  3 centaur skeletons
  7 hounds
  7 orc priests
  2 bullfrog skeletons
  2 iguanas
  Terence (D:2)
  10 orc wizards
  5 worker ants
  A hound skeleton (D:5)
  A mummy (D:8)
  A howler monkey zombie (D:10)
  3 worker ant zombies
  Robin (D:4)
  12 gnolls
  18 adders
  3 oozes
  An adder skeleton (D:9)
  An adder zombie (D:9)
  4 worms
  A dart slug (D:3)
  4 leopard geckos
  41 orcs
  7 bats
  8 giant cockroaches
  18 goblins
  9 hobgoblins
  8 jackals
  4 quokkas
  2 frilled lizards
  A jackal skeleton (D:8)
  12 kobolds
  A quokka skeleton (D:5)
  A quokka zombie (D:9)
  10 rats
316 creatures vanquished.

Notes
Turn   | Place    | Note
-------+----------+-------------------------------------------
     0 | D:1      | Charlie the Vine Stalker Assassin began the quest for the Orb.
     0 | D:1      | Reached XP level 1. HP: 11/11 MP: 2/2
    23 | D:1      | Reached skill level 1 in Dodging
    31 | D:1      | Reached skill level 5 in Stealth
    31 | D:1      | Reached XP level 2. HP: 10/15 MP: 3/3
   626 | D:1      | Reached XP level 3. HP: 13/18 MP: 4/4
   870 | D:2      | Found a shimmering altar of Xom.
  1217 | D:2      | Gained mutation: Your natural rate of healing is unusually fast. [Vine Stalker growth]
  1217 | D:2      | Reached XP level 4. HP: 23/23 MP: 5/5
  1287 | D:2      | Noticed Terence
  1309 | D:2      | Killed Terence
  1551 | D:3      | Noticed Robin
  1611 | D:3      | Found a blossoming altar of Fedhas.
  1696 | D:4      | Killed Robin
  1696 | D:4      | Reached XP level 5. HP: 26/26 MP: 6/6
  2388 | D:4      | Reached XP level 6. HP: 28/30 MP: 5/7
  2415 | D:4      | Reached skill level 5 in Short Blades
  2477 | D:4      | Found a staircase to the Ecumenical Temple.
  2484 | Temple   | Entered the Ecumenical Temple
  2640 | D:5      | Entered Level 5 of the Dungeon
  2640 | D:5      | Noticed a phantom
  2659 | D:5      | Noticed a slave
  2692 | D:4      | Killed a phantom
  2703 | D:5      | Noticed a slave
  2729 | D:4      | Killed a slave
  2761 | D:5      | Noticed a slave
  2762 | D:5      | Noticed Pikel
  2762 | D:5      | Noticed a slave
  2790 | D:4      | Killed a slave
  2857 | D:4      | Killed a slave
  2925 | D:4      | Killed a slave
  2978 | D:5      | Killed Pikel
  2978 | D:5      | Reached skill level 10 in Stealth
  2978 | D:5      | Reached XP level 7. HP: 30/34 MP: 6/8
  2978 | D:5      | Gained mutation: You have razor-sharp teeth. [Vine Stalker growth]
  2978 | D:5      | Reached XP level 8. HP: 33/38 MP: 6/9
  3038 | D:5      | Found an opulent altar of Gozag.
  3300 | D:6      | Found a shattered altar of Ashenzari.
  3530 | D:6      | Found a shadowy altar of Dithmenos.
  3538 | D:6      | Became a worshipper of Dithmenos the Shadowed
  3651 | D:6      | Found a radiant altar of Vehumet.
  3701 | D:6      | Reached skill level 5 in Dodging
  3923 | D:6      | Noticed a two-headed ogre
  3933 | D:6      | Killed a two-headed ogre
  3933 | D:6      | Reached XP level 9. HP: 42/42 MP: 10/10
  4043 | D:6      | Found a bloodstained altar of Trog.
  4084 | D:6      | Found an iron altar of Okawaru.
  4619 | D:4      | Reached * piety under Dithmenos
  5160 | D:4      | Noticed Blork the orc
  5220 | D:4      | Killed Blork the orc
  5757 | D:7      | Found Kumar's Antique Armour Shop.
  5837 | D:7      | Found Agips's Weapon Shop.
  5995 | D:7      | Reached ** piety under Dithmenos
  6086 | D:8      | Found a staircase to the Lair.
  6143 | D:8      | Found a snail-covered altar of Cheibriados.
  6179 | D:8      | Found an ancient bone altar of Kikubaaqudgha.
  6182 | D:8      | Got a pair of steaming gloves
  6193 | D:8      | Identified the +2 pair of gloves "Otacs" {rElec rN+ Int+6} (You found it on level 8 of the Dungeon)
  6265 | D:8      | Found a glowing silver altar of Zin.
  6397 | D:8      | Got an ancient ring mail
  6440 | D:8      | Identified the cursed +0 ring mail of Hymueh {+Blink rC+ Str-2 Int+3} (You found it on level 8 of the Dungeon)
  6650 | D:8      | Reached XP level 10. HP: 46/46 MP: 11/11
  6905 | D:8      | Reached skill level 1 in Spellcasting
  7231 | D:9      | Found a sparkling altar of Nemelex Xobeh.
  7422 | D:9      | Found a glowing golden altar of the Shining One.
  7458 | D:9      | Reached *** piety under Dithmenos
  7649 | D:9      | Reached skill level 10 in Short Blades
  7823 | D:10     | Entered Level 10 of the Dungeon
  8184 | D:10     | Noticed mrmoltar's ghost (journeyman GrMo)
  8243 | D:10     | Killed mrmoltar's ghost
  8276 | D:10     | Noticed a hill giant
  8905 | D:10     | Killed a hill giant
  8905 | D:10     | Reached skill level 5 in Spellcasting
  8905 | D:10     | Reached XP level 11. HP: 39/50 MP: 18/20
  9099 | D:11     | Noticed a hill giant
  9100 | D:11     | Killed a hill giant
  9192 | D:11     | Reached **** piety under Dithmenos
  9772 | D:11     | Killed an unseen horror
  9777 | D:11     | Reached ***** piety under Dithmenos
  9950 | D:11     | Got a polished great sword
 10488 | D:11     | Found a staircase to the Orcish Mines.
 10851 | D:10     | Reached skill level 10 in Dodging
 11072 | Lair:1   | Entered Level 1 of the Lair of Beasts
 11205 | Lair:1   | HP: 2/50 [poisoned by a spiny frog]
 11205 | Lair:1   | Slain by a spiny frog

Skill      XL: |  1  2  3  4  5  6  7  8  9 10 11 |
---------------+----------------------------------+-----
Dodging        | 1 6 10 | 10.0
Stealth        | 5 6 10 | 10.9
Short Blades   | 2 3 4 5 8 10 | 10.0
Spellcasting   | 5 |  5.9
Fighting       | |  1.7
Throwing       | |  1.7

Action                   |  1- 3 |  4- 6 |  7- 9 | 10-12 || total
-------------------------+-------+-------+-------+-------++-------
Melee: Dagger            |    30 |    68 |     4 |     5 ||   107
       Bite              |    18 |    79 |    89 |   242 ||   428
       Mace              |    38 |   205 |       |       ||   243
       Short sword       |       |    62 |    41 |   418 ||   521
       Rapier            |       |       |   240 |   471 ||   711
 Fire: Blowgun           |       |    16 |    20 |    19 ||    55
       Hunting sling     |       |       |    13 |    24 ||    37
Throw: Tomahawk          |       |       |       |     1 ||     1
Evoke: Wand              |       |     7 |       |    20 ||    27
  Use: Scroll            |       |    13 |     8 |     5 ||    26
       Potion            |       |       |       |     4 ||     4
 Stab: Sleeping          |    10 |     7 |    20 |    14 ||    51
       Distracted        |       |       |     2 |     8 ||    10
  Eat: Chunk             |     1 |     6 |    12 |    15 ||    34
       Pizza             |       |       |       |     1 ||     1
       Beef jerky        |       |       |       |     1 ||     1
Armor: Robe              |     5 |       |       |       ||     5
       Ring mail         |    19 |   166 |    56 |   205 ||   446
       Leather armour    |       |       |    23 |       ||    23
       Skin              |       |       |       |     7 ||     7
Dodge: Dodged            |    56 |   190 |   117 |   241 ||   604
Block: Large shield      |       |       |   164 |   350 ||   514
